 Dungeon Crawl Stone Soup version 0.28-a0-850-g09de17f5b5 (webtiles) character file.

Game seed: 17448310280543976257

62839 Crownlay the Warrior (level 15, -10/144 HPs)
             Began as a Hill Orc Fighter on Nov 13, 2021.
             Was the Champion of Okawaru.
             Mangled by an orc warlord (43 damage)
             ... on level 1 of the Orcish Mines.
             The game lasted 00:41:22 (22729 turns).

Crownlay the Warrior (Hill Orc Fighter)            Turns: 22729, Time: 00:41:22

Health: -10/144    AC: 29    Str: 30    XL:     15   Next: 7%
Magic:  23/24      EV: 13    Int:  8    God:    Okawaru [******]
Gold:   1453       SH:  9    Dex: 10    Spells: 14/14 levels left

rFire   . . .      SeeInvis .   u - +9 lance "Wyrmbane" {slay drac, rPois rF+ rC+ AC+3}
rCold   + + +      Faith    .   c - +0 buckler
rNeg    . . .      Spirit   .   Z - +4 plate armour {rC+}
rPois   +          Reflect  .   d - +0 helmet
rElec   .          Harm     .   Q - +1 cloak
rCorr   .          Rampage  +   S - +2 pair of gloves {Stlth+}
Will    ++++.                   T - +0 pair of boots {rampage}
Stlth   ..........              R - amulet of regeneration
HPRegen 1.34/turn               L - ring "Reapow" {Ice rPois Will++ Str+4}
MPRegen 0.19/turn               I - ring "Igetad" {Fly Will+ EV+4 Stlth+}

@: heroic, flying
A: no striking features
a: Renounce Religion, Heroism, Finesse, Duel


You were on level 1 of the Orcish Mines.
You worshipped Okawaru.
Okawaru was exalted by your worship.
You visited 4 branches of the dungeon, and saw 19 of its levels.
You also visited: Ossuary and Volcano.

You collected 1700 gold pieces.
You spent 247 gold pieces at shops.

Inventory:

Hand Weapons
 b - the +9 great mace of Hubris {vorpal, rElec Int+2 Dex+4}
   (You found it on level 4 of the Lair of Beasts)

   It inflicts extra damage upon your enemies.
   Int:       It affects your intelligence (+2).
   Dex:       It affects your dexterity (+4).
   rElec:     It insulates you from electricity.
 u - the +9 lance "Wyrmbane" (weapon) {slay drac, rPois rF+ rC+ AC+3}
   (You acquired it on level 5 of the Dungeon)

   It inflicts extra damage against dragons and draconians.
   AC:        It affects your AC (+3).
   rF:        It protects you from fire.
   rC:        It protects you from cold.
   rPois:     It protects you from poison.
Missiles
 N - 4 silver javelins (quivered)
 P - 2 javelins
Armour
 c - a +0 buckler (worn)
 d - a +0 helmet (worn)
 Q - a +1 cloak (worn)
 S - a +2 pair of gloves of stealth (worn)
 T - a +0 pair of boots of rampaging (worn)
 X - a +0 plate armour of fire resistance
 Z - a +4 plate armour of cold resistance (worn)
Jewellery
 i - a ring of protection from fire
 w - a ring of protection from cold
 H - a ring of resist corrosion
 I - the ring "Igetad" (right hand) {Fly Will+ EV+4 Stlth+}
   (You found it on level 6 of the Lair of Beasts)

   [ring of evasion]

   EV:        It affects your evasion (+4).
   Fly:       It grants you flight.
   Will:      It increases your willpower.
   Stlth:     It makes you more stealthy.
 L - the ring "Reapow" (left hand) {Ice rPois Will++ Str+4}
   (You acquired it on level 9 of the Dungeon)

   [ring of ice]

   It enhances your ice magic.
   Str:       It affects your strength (+4).
   rF:        It makes you vulnerable to fire.
   rC:        It protects you from cold.
   rPois:     It protects you from poison.
   Will:      It greatly increases your willpower.
 R - an amulet of regeneration (around neck)
Wands
 j - a wand of flame (42)
 n - a wand of digging (2)
 t - a wand of acid (5)
 x - a wand of iceblast (60)
 G - a wand of paralysis (11)
 Y - a wand of mindburst (8)
Scrolls
 a - a scroll of blinking
 f - 10 scrolls of teleportation
 m - 3 scrolls of amnesia {unknown}
 p - a scroll of brand weapon {unknown}
 q - a scroll of fog {unknown}
 r - a scroll of vulnerability {unknown}
 s - a scroll of magic mapping {unknown}
 y - a scroll of silence {unknown}
 B - a scroll of summoning {unknown}
 K - 4 scrolls of immolation
 M - 3 scrolls of enchant armour {unknown}
 O - a scroll of fear {unknown}
 U - 4 scrolls of enchant weapon
Potions
 e - 3 potions of flight
 g - 3 potions of heal wounds
 h - 4 potions of attraction
 k - a potion of berserk rage
 l - 7 potions of curing
 o - a potion of haste
 v - 3 potions of ambrosia {unknown}
 z - 5 potions of invisibility
 C - 3 potions of cancellation
 D - 2 potions of resistance {unknown}
 E - 4 potions of mutation
 V - a potion of might
Miscellaneous
 W - a condenser vane


   Skills:
 + Level 16.1(21.1) Fighting
 - Level 10.5(18.1) Axes
 - Level 10.6(17.0) Polearms
 * Level 8.7(13.7) Throwing
 - Level 3.2(8.2) Armour
 - Level 15.0(20.0) Shields
 + Level 12.9 Invocations
 + Level 8.9 Evocations


You had 14 spell levels left.
You didn't know any spells.
Your spell library contained the following spells:

 Spells                   Type           Power      Damage    Failure   Level
 Foxfire                  Conj/Fire      0%         2x1d4     98%         1
 Shock                    Conj/Air       0%         1d3       98%         1
 Conjure Flame            Conj/Fire      0%         6-21      100%        3
 Inner Flame              Hex/Fire       0%         N/A       100%        3
 Ozocubu's Armour         Ice            0%         N/A       100%        3
 Swiftness                Air            0%         N/A       100%        3
 Airstrike                Air            0%         N/A       100%        4
 Flame Wave               Conj/Fire      0%         3d3       100%        4
 Dispersal                Tloc           0%         N/A       100%        6
 Ozocubu's Refrigeration  Ice            0%         4d5       100%        7
 Disjunction              Tloc           0%         N/A       100%        8


Dungeon Overview and Level Annotations

Branches:
Dungeon (10/15)            Temple (1/1) D:6            Lair (6/6) D:10
 Shoals (0/4) Lair:2       Spider (0/4) Lair:2        Slime (0/5) Lair:5
    Orc (2/2) D:10        Ossuary (visited)         Volcano (visited)
    Elf: Orc:2

Altars:
Ashenzari
Dithmenos
Elyvilon
Fedhas
Gozag
Hepliaklqana
Kikubaaqudgha
Makhleb
Nemelex Xobeh
Okawaru
Qazlal
Ru
Sif Muna
Trog
Uskayaw
Vehumet
Wu Jian
Xom
Yredelemnul
Zin
The Shining One
Beogh

Shops:
D:3 *   D:4 [   D:5 !

Annotations:
D:9 1 runed translucent door


Message History

You hit the orc warlord but do no damage.
The orc warlord is lightly wounded.
You puncture the orc warlord!
The orc warlord is lightly wounded.
The orc warlord struggles against the net.
You puncture the orc warlord!
The orc warlord is moderately wounded.
You puncture the orc warlord!
The orc warlord is moderately wounded.
The orc warlord struggles against the net.
You hit the orc warlord but do no damage.
The orc warlord is moderately wounded.
You impale the orc warlord!!
The orc warlord is heavily wounded.
The orc warlord struggles against the net.
The net rips apart, and the orc warlord comes free!
You puncture the orc warlord!
The orc warlord is heavily wounded.
The orc warlord blocks your attack.
The orc warlord is heavily wounded.
The orc warlord barely misses you. The orc warlord blocks your attack.
The orc warlord is heavily wounded.
The orc warlord blocks your attack.
The orc warlord is heavily wounded.
The orc warlord hits you but does no damage.
The orc warlord blocks your attack.
The orc warlord is heavily wounded.
The orc warlord blocks your attack.
The orc warlord is heavily wounded.
The orc warlord hits you with a +0 war axe!!
* * * LOW HITPOINT WARNING * * *
Okay, then.
Aiming: Corrosive Bolt
Press: ? - help, Shift-Dir - straight line, f/p - orc warlord
Aim: an orc warlord, wielding a +0 war axe, wearing a +4 plate armour of positive energy and wearing a +0 kite shield (heavily wounded, strong, 88% to hit)
The bolt of acid hits the orc warlord!
The orc warlord is severely wounded.
The orc warlord hits you with a +0 war axe!!!
You die...

.......###...#.............#.##
......#).#..........)..#......#
.......................##....##
...#....................##...#
.........................##.##
..))).......^......#......#.##
...))......#.......#.........#
..))).....#....)o.#.........##
...#............@.#..........#
..#....................##....####
...#.........................##.#
.......>.........................
.................................
.........................#.#..#..
...#................#...###...##.
.##..........................####
..#.......#.....##..........##


You could see an orc warlord (strong).

Vanquished Creatures
  A dire elephant (Lair:6)
  A fire dragon (D:9)
  A boulder beetle (Lair:6)
  7 hydras
  A two-headed ogre (Orc:1)
  A dancing weapon (Volcano)
  6 death yaks
  5 wizards (Volcano)
  4 lindwurms
  An orb spider (Lair:2)
  2 wolf spiders (Lair:6)
  The ghost of tstbtto the Chopper, a novice DjBe of Trog (D:5)
  An orc sorcerer (Orc:2)
  12 elephants
  9 black mambas
  A guardian serpent (Lair:6)
  A torpor snail (Lair:2)
  5 toenail golems (Volcano)
  16 cane toads
  An unseen horror (D:10)
  7 komodo dragons
  3 rime drakes
  2 trolls
  18 blink frogs
  4 hornets
  2 polar bears
  14 dream sheep
  A shadow (D:10)
  46 yaks
  A vampire (D:8)
  A redback (Lair:6)
  6 spriggans (Lair:2)
  8 wyverns
  A wraith (D:5)
  3 basilisks
  2 steam dragons
  3 vampire mosquitoes
  A warg (Orc:1)
  Menkaure (D:6)
  26 water moccasins
  2 acid dragons (D:10)
  A sky beast (D:7)
  A hornet zombie (D:6)
  A necrophage (D:6)
  10 orc warriors
  A black bear (D:5)
  11 ogres
  11 wolves (Lair:6)
  6 centaurs
  A kobold brigand (D:8)
  A gnoll sergeant (D:6)
  A wyvern zombie (D:7)
  12 scorpions
  8 bullfrogs
  A water moccasin skeleton (D:5)
  24 killer bees
  10 wights
  9 jellies
  A crimson imp (D:5)
  3 centaur zombies
  A bullfrog zombie (D:5)
  10 orc priests
  3 gnoll shamans
  2 human zombies (Ossuary)
  3 hounds
  2 centaur skeletons
  3 iguanas
  Ijyb (D:3)
  9 orc wizards
  A scorpion zombie (D:5)
  A killer bee zombie (D:7)
  4 mummies (Ossuary)
  2 howler monkey zombies
  20 gnolls
  8 adders
  A shadow imp (D:6)
  A white imp (D:5)
  4 dart slugs
  38 orcs
  10 ball pythons
  An endoplasm (D:1)
  5 giant cockroaches
  3 gnoll zombies (Ossuary)
  6 goblins
  5 hobgoblins
  7 jackals
  6 quokkas
  9 bats
  3 frilled lizards
  2 hobgoblin zombies (Ossuary)
  12 kobolds
  A kobold zombie (Ossuary)
  5 rats
  3 bushes (D:3)
  A butterfly (D:9)
535 creatures vanquished.

Vanquished Creatures (others)
  A black mamba (Lair:6)
  26 fungi
  103 plants
130 creatures vanquished.

Grand Total: 665 creatures vanquished

Notes
Turn   | Place    | Note
-------+----------+-------------------------------------------
     0 | D:1      | Crownlay the Hill Orc Fighter began the quest for the Orb.
     0 | D:1      | Reached XP level 1. HP: 19/19 MP: 1/1
   334 | D:1      | Found a faded altar of an unknown god.
   336 | D:1      | Reached XP level 2. HP: 26/26 MP: 2/2
   727 | D:1      | Reached XP level 3. HP: 29/31 MP: 3/3
  1046 | D:2      | Reached XP level 4. HP: 20/39 MP: 4/4
  1212 | D:2      | Reached skill level 5 in Axes
  1936 | D:3      | Noticed Ijyb
  1947 | D:3      | Killed Ijyb
  2203 | D:3      | Reached XP level 5. HP: 45/45 MP: 5/5
  2350 | D:3      | Found Ocwen's Assorted Antiques.
  2358 | D:3      | Bought a scroll labelled ODAKKOH CAGIAH for 27 gold pieces
  3274 | D:4      | Found a white marble altar of Elyvilon.
  3299 | D:4      | Found a stormy altar of Qazlal.
  4137 | D:4      | Found Vijon's Armour Shoppe.
  4224 | D:4      | Noticed an ogre
  4231 | D:4      | Killed an ogre
  4232 | D:4      | Reached skill level 1 in Invocations
  4232 | D:4      | Reached XP level 6. HP: 36/51 MP: 5/7
  4660 | D:4      | Reached XP level 7. HP: 52/57 MP: 7/9
  4849 | D:5      | Entered Level 5 of the Dungeon
  5291 | D:5      | Reached skill level 10 in Axes
  5315 | D:5      | Noticed a wraith
  5332 | D:5      | Killed a wraith
  5333 | D:5      | Reached skill level 5 in Invocations
  5333 | D:5      | Reached XP level 8. HP: 11/64 MP: 11/11
  5583 | D:5      | Identified 2 scrolls of acquirement
  5585 | D:5      | Acquired a manual of Fighting
  5589 | D:5      | Acquired the +8 lance "Wyrmbane" {slay drac, rPois rF+ rC+
                  | AC+3}
  5589 | D:5      | Found the +8 lance "Wyrmbane" {slay drac, rPois rF+ rC+
                  | AC+3}
  5612 | D:5      | Reached skill level 4 in Fighting
  5612 | D:5      | Reached skill level 1 in Polearms
  5827 | D:5      | Found a runed translucent door.
  5827 | D:5      | Noticed tstbtto's ghost (novice DjBe)
  5867 | D:5      | Found a burning altar of Makhleb.
  5914 | D:5      | Found Janipomi's Distillery.
  5974 | D:5      | Reached skill level 5 in Fighting
  6000 | D:5      | Found a blossoming altar of Fedhas.
  6177 | D:5      | Reached skill level 6 in Fighting
  6595 | D:6      | Reached skill level 7 in Fighting
  6829 | D:6      | Reached skill level 8 in Fighting
  7091 | D:6      | Reached skill level 9 in Fighting
  7213 | D:7      | Reached XP level 9. HP: 16/84 MP: 12/12
  7545 | D:7      | Reached skill level 10 in Fighting
  7616 | D:7      | Reached skill level 11 in Fighting
  7639 | D:7      | Reached skill level 5 in Polearms
  7670 | D:7      | Found a sand-covered staircase.
  7681 | Ossuary  | Entered an ossuary
  7969 | Ossuary  | Reached skill level 12 in Fighting
  8453 | D:7      | Reached skill level 13 in Fighting
  8555 | D:7      | Reached skill level 14 in Fighting
  8977 | D:7      | Reached XP level 10. HP: 104/104 MP: 13/13
  9114 | D:7      | Found an opulent altar of Gozag.
  9242 | D:7      | Identified the +5 long sword of Hioduarr {protect, Str+2
                  | Int+3}
  9253 | D:7      | Reached skill level 15 in Fighting
  9373 | D:7      | Found a basalt altar of Yredelemnul.
 10030 | D:6      | Noticed Menkaure
 10036 | D:6      | Killed Menkaure
 10488 | D:6      | Found a staircase to the Ecumenical Temple.
 10611 | Temple   | Entered the Ecumenical Temple
 10676 | Temple   | Became a worshipper of Warmaster Okawaru
 11017 | D:8      | Found a glowing silver altar of Zin.
 11190 | D:8      | Found a shadowy altar of Dithmenos.
 11224 | D:8      | Reached * piety under Okawaru
 11412 | D:8      | Found a bloodstained altar of Trog.
 11472 | D:9      | Found a runed translucent door.
 11474 | D:9      | Found a runed translucent door.
 11680 | D:9      | Noticed a fire dragon
 11695 | D:9      | Killed a fire dragon
 11695 | D:9      | Reached ** piety under Okawaru
 11696 | D:9      | Reached XP level 11. HP: 72/113 MP: 16/16
 11861 | D:9      | Reached skill level 10 in Polearms
 12045 | D:9      | Found a radiant altar of Vehumet.
 12046 | D:9      | Found an ancient bone altar of Kikubaaqudgha.
 12658 | D:9      | Acquired the ring "Reapow" {Ice rPois Will++ Str+4}
 12696 | D:10     | Entered Level 10 of the Dungeon
 12712 | D:10     | Noticed an eight-headed hydra
 12729 | D:10     | HP: 3/113 [eight-headed hydra (3)]
 12730 | D:10     | Killed an eight-headed hydra
 13150 | D:10     | Reached *** piety under Okawaru
 13294 | D:10     | Reached skill level 1 in Throwing
 13787 | D:10     | Found a staircase to the Lair.
 13920 | D:10     | Found a staircase to the Orcish Mines.
 14010 | Lair:1   | Entered Level 1 of the Lair of Beasts
 14025 | Lair:1   | Noticed a seven-headed hydra
 14036 | Lair:1   | Killed a seven-headed hydra
 14060 | Lair:1   | Reached **** piety under Okawaru
 14183 | Lair:1   | Reached skill level 10 in Invocations
 14209 | Lair:1   | Reached skill level 5 in Throwing
 14224 | Lair:1   | Reached skill level 1 in Evocations
 14560 | Lair:1   | You fall into a shaft and drop 1 floor!
 14630 | Lair:2   | Reached XP level 12. HP: 121/121 MP: 19/19
 14641 | Lair:2   | Reached ***** piety under Okawaru
 14658 | Lair:2   | Received a gift from Okawaru
 14751 | Lair:2   | Found a staircase to the Shoals.
 15383 | Lair:2   | Reached skill level 5 in Evocations
 15441 | Lair:2   | Received a gift from Okawaru
 16073 | Lair:2   | Found a hole to the Spider Nest.
 16434 | Lair:3   | Reached skill level 5 in Shields
 16749 | Lair:3   | Reached XP level 13. HP: 127/127 MP: 21/21
 17149 | Lair:4   | Identified the +9 great mace of Hubris {vorpal, rElec Int+2
                  | Dex+4}
 17254 | Lair:4   | Received a gift from Okawaru
 17323 | Lair:4   | Found a broken altar of Ashenzari.
 17408 | Lair:4   | Received a gift from Okawaru
 17535 | Lair:4   | Reached skill level 10 in Shields
 18435 | Lair:5   | Found a dark tunnel.
 18441 | Volcano  | Entered a volcano
 18547 | Volcano  | Received a gift from Okawaru
 18630 | Volcano  | Reached ****** piety under Okawaru
 18630 | Volcano  | Received a gift from Okawaru
 18994 | Lair:5   | Found a staircase to the Slime Pits.
 19846 | Lair:6   | Entered Level 6 of the Lair of Beasts
 19857 | Lair:6   | Reached XP level 14. HP: 129/135 MP: 23/23
 20450 | Lair:6   | Received a gift from Okawaru
 20630 | Lair:6   | Reached skill level 15 in Shields
 20693 | Lair:6   | Found the +5 robe of Misfortune {Contam Harm *Corrode Drain
                  | *Slow EV+5}
 20819 | Lair:6   | Noticed a dire elephant
 20879 | Lair:6   | Killed a dire elephant
 20916 | Lair:6   | Identified the ring "Igetad" {Fly Will+ EV+4 Stlth+}
 21822 | Lair:6   | Received a gift from Okawaru
 21830 | Lair:6   | Reached skill level 16 in Fighting
 22094 | D:5      | Bought a potion of heal wounds for 55 gold pieces
 22094 | D:5      | Bought a potion of curing for 33 gold pieces
 22094 | D:5      | Bought a potion of berserk rage for 55 gold pieces
 22094 | D:5      | Bought a potion of curing for 33 gold pieces
 22094 | D:5      | Bought a potion of brilliance for 44 gold pieces
 22143 | D:5      | Killed tstbtto's ghost
 22357 | Orc:1    | Entered Level 1 of the Orcish Mines
 22389 | Orc:1    | Reached XP level 15. HP: 144/144 MP: 24/24
 22632 | Orc:2    | Entered Level 2 of the Orcish Mines
 22681 | Orc:2    | Noticed an orc warlord
 22685 | Orc:2    | Found a roughly hewn altar of Beogh.
 22729 | Orc:1    | Mangled by an orc warlord

Illustrated notes

Levels and vault maps discovered:
D:1:      dpeg_arrival_short_road, layout_basic,
          shapermc_ecumenical_altar_starsandcircs
D:2:      layout_loops_ring
D:3:      layout_basic, serial_forest, infiniplex_forest_end_2,
          infiniplex_forest_corner_1, infiniplex_forest_zigzag_1,
          infiniplex_forest_straight_3, infiniplex_forest_split,
          infiniplex_forest_straight_2, infiniplex_forest_lined_3_way,
          infiniplex_forest_lined_room_, infiniplex_forest_fountain,
          serial_shops, shop, uniq_ijyb
D:4:      old_forge, layout_basic, kennysheep_mini_moat,
          nicolae_qazlal_scattered_showers, serial_shops, nicolae_lakefront_shop
D:5:      layout_loops_corners, fedhas_altar_1, makhleb_grotto_becter,
          gammafunk_ghost_grave, serial_shops, shop
D:6:      mumra_celtic_spiral_tile, layout_gridville,
          minmay_temple_entry_proselytizer, uniq_menkaure
D:7:      kennysheep_seaside_town, layout_basic, yredelemnul_altar_generic,
          mainiacjoe_overflow_catwalk, lightli_ossuary_entry_decrepit_ruins
D:8:      layout_rooms, mainiacjoe_overflow_alcove_4, mainiacjoe_overflow_swirl
D:9:      lemuel_insect_pit, layout_basic, grunt_temple_overflow_open
D:10:     layout_roguey, dpeg_oklobed_lair, orc_0_dummy
Temple:   bh_familiar_temple
Lair:1:   layout_chaotic_city, infiniplex_staircase_pool_2, grunt_megastairs_1
Lair:2:   layout_regular_city, elwin_shoals_entry_rocks,
          nicolae_spider_entry_orb_guardian, wad_woods_01, grunt_megastairs_2
Lair:3:   layout_roguey
Lair:4:   layout_small_grid, basic_altar
Lair:5:   layout_layer_cave, nicolae_slime_entry_slimehenge,
          nicolae_volcano_entry_s_turn, minivault_27
Lair:6:   hangedman_lair_tendril_chambers, layout_layer_cave,
          hangedman_lair_in_review, serial_forest, infiniplex_forest_straight_2,
          infiniplex_forest_lined_room_2, infiniplex_forest_straight_2,
          infiniplex_forest_clump_cross, infiniplex_forest_join,
          infiniplex_forest_end_1, infiniplex_forest_clump_small,
          infiniplex_forest_clump_medium, infiniplex_forest_clump_tiny,
          fungi_pond_lemuel
Orc:1:    layout_caves, basic_altar
Orc:2:    grunt_orc_cross, layout_caves, uniq_rupert

Skill      XL: |  1  2  3  4  5  6  7  8  9 10 11 12 13 14 |
---------------+-------------------------------------------+-----
Axes           | 3 4 6 7 8 10 | 10.5
Shields        | 4 6 12 15 | 15.0
Invocations    | 1 3 5 7 10 12 | 12.9
Fighting       | 9 14 15 16 | 16.1
Polearms       | 4 6 9 10 | 10.6
Throwing       | 6 7 8 |  8.7
Evocations     | 2 8 |  8.9
Armour         | |  3.2

Action                   |  1- 3 |  4- 6 |  7- 9 | 10-12 | 13-15 || total
-------------------------+-------+-------+-------+-------+-------++-------
Melee: War axe           |    65 |   256 |    18 |       |       ||   339
       Hand axe          |       |       |    61 |       |       ||    61
       Lance             |       |       |   281 |   763 |  1035 ||  2079
Throw: Boomerang         |       |     2 |     1 |    21 |    14 ||    38
       Throwing net      |       |       |       |       |     2 ||     2
       Javelin           |       |       |       |       |     4 ||     4
Invok: Heroism           |       |       |       |       |    14 ||    14
       Finesse           |       |       |       |       |     1 ||     1
Evoke: Wand              |       |       |       |     2 |     1 ||     3
  Use: Scroll            |       |       |     9 |     7 |     3 ||    19
       Potion            |       |       |     1 |     4 |       ||     5
 Stab: Paralysed         |       |       |       |     3 |       ||     3
Armor: Scale mail        |    34 |    34 |   157 |   175 |       ||   400
       Plate armour      |       |       |       |       |   316 ||   316
       Robe              |       |       |       |       |     7 ||     7
Dodge: Dodged            |    42 |    75 |   128 |   139 |   214 ||   598
Block: Buckler           |    22 |    30 |    68 |    74 |   201 ||   395

Table legend: (Time is in decaauts)
 A = Elapsed time spent in this place.
 B = Non-inter-level travel time spent in this place.
 C = Inter-level travel time spent in this place.
 D = Time resting spent in this place.
 E = Time spent auto-exploring this place.
 F = Levels seen in this place.
 G = Mean time per level.
                   A        B        C        D        E       F      G
               +--------+--------+--------+--------+--------+-----+--------+
         Total |  21874 |  20666 |   1208 |    585 |  16357 |  21 | 1041.6 |
       Dungeon |  13675 |  12775 |    900 |    571 |  10459 |  10 | 1367.5 |
        Temple |    140 |    115 |     25 |      0 |    109 |   1 |  140.0 |
          Lair |   6876 |   6612 |    264 |     14 |   5125 |   6 | 1146.0 |
  Orcish Mines |    313 |    295 |     18 |      0 |    174 |   2 |  156.5 |
       Ossuary |    457 |    457 |      0 |      0 |    326 |   1 |  457.0 |
       Volcano |    411 |    411 |      0 |      0 |    163 |   1 |  411.0 |
               +--------+--------+--------+--------+--------+-----+--------+

Top non-repeatable levels by time:
     D:7: 1954 daAuts
     D:5: 1870 daAuts
     D:6: 1810 daAuts
  Lair:6: 1764 daAuts
     D:3: 1536 daAuts
     D:4: 1416 daAuts
    D:10: 1316 daAuts
     D:9: 1256 daAuts
  Lair:5: 1196 daAuts
  Lair:2: 1128 daAuts
  Lair:4: 1061 daAuts
     D:1: 1048 daAuts
  Lair:1: 1016 daAuts
     D:2: 917 daAuts
  Lair:3: 709 daAuts
